 Dungeon Crawl Stone Soup version 0.30.0-29-ga12c61a403 (webtiles) character file.

Game seed: 976258746938987993

28291 Peloso the Fencer (level 13, -7/116 HPs)
             Began as a Minotaur Fighter on June 21, 2023.
             Was a High Priest of Okawaru.
             Mangled by an Executioner (14 damage)
             ... on level 2 of the Abyss.
             The game lasted 00:36:33 (15723 turns).

Peloso the Fencer (Minotaur Fighter)               Turns: 15723, Time: 00:36:33

Health: -7/116     AC: 25    Str: 31    XL:     13   Next: 9%
Magic:  12/12      EV:  9    Int:  5    God:    Okawaru [*****.]
Gold:   892        SH: 18    Dex: 15    Spells: 12/12 levels left

rFire   + . .        a - +5 double sword (vamp)
rCold   + . .        d - +0 kite shield
rNeg    . . .        H - +1 plate armour
rPois   .            (helmet restricted)
rElec   +            E - +1 cloak
rCorr   .            y - +2 pair of gloves of Toobbouc {rC+ Dex+2}
SInv    .            O - +1 pair of boots of Painted Freedom {rElec rF+ Str+2}
Will    .....        G - amulet of reflection Stlth
                     h - +6 ring of strength
HPRegen 0.39/turn    M - +4 ring of slaying
MPRegen 0.13/turn

%: reflection
@: no status effects
A: horns 2, retaliatory headbutt
a: Renounce Religion, Heroism, Finesse, Duel


You were on level 2 of the Abyss.
You worshipped Okawaru.
Okawaru was extremely pleased with you.
You visited 3 branches of the dungeon, and saw 17 of its levels.
You visited the Abyss 1 time.
You also visited: Bailey.

You collected 988 gold pieces.
You spent 96 gold pieces at shops.

Inventory:

Hand Weapons
 a - a +5 vampiric double sword (weapon)
 b - a +2 long sword of flaming
 c - a +2 long sword of electrocution
Missiles
 m - 4 throwing nets (quivered)
Armour
 d - a +0 kite shield (worn)
 y - the +2 pair of gloves of Toobbouc (worn) {rC+ Dex+2}
   (You found it on level 5 of the Dungeon)

   Dex:       It affects your dexterity (+2).
   rC:        It protects you from cold.
 E - a +1 cloak (worn)
 H - a +1 plate armour (worn)
 O - the +1 pair of boots of Painted Freedom (worn) {rElec rF+ Str+2}
   (You acquired it on level 1 of the Abyss)

   Str:       It affects your strength (+2).
   rF:        It protects you from fire.
   rElec:     It insulates you from electricity.
 P - a +0 pair of boots
Jewellery
 h - a +6 ring of strength (left hand)
 l - an amulet of magic regeneration
 C - a ring of fire
 G - an amulet of reflection (around neck)
 I - a ring of poison resistance
 K - an amulet of faith
 M - a +4 ring of slaying (right hand)
 Q - a +6 ring of strength
 R - an amulet of guardian spirit
Wands
 q - a wand of flame (22)
 v - a wand of paralysis (26)
 D - a wand of light (9)
 F - a wand of iceblast (14)
Scrolls
 f - 7 scrolls of teleportation
 k - 5 scrolls of blinking
 r - 2 scrolls of amnesia
 u - 3 scrolls of fog
 w - 4 scrolls of noise
 x - 2 scrolls of poison
 z - 4 scrolls of fear
 B - a scroll of butterflies
 N - 2 scrolls of brand weapon
 T - 3 scrolls of identify
 U - a scroll of immolation {unknown}
Potions
 e - 2 potions of invisibility
 g - 4 potions of might
 j - 2 potions of heal wounds
 n - a potion of resistance
 o - 2 potions of mutation
 p - 10 potions of curing
 t - 2 potions of haste
 A - 2 potions of cancellation
 J - 3 potions of berserk rage
 L - 2 potions of degeneration
 S - a potion of flight
Miscellaneous
 i - a phantom mirror
 s - a lightning rod (4/4)
 V - a tin of tremorstones (2/2)


   Skills:
 + Level 11.1 Fighting
 + Level 16.1 Long Blades
 + Level 12.1 Armour
 + Level 3.4 Dodging
 + Level 3.0 Stealth
 + Level 13.6 Shields
 + Level 0.5 Invocations
 + Level 1.2 Evocations


You had 12 spell levels left.
You didn't know any spells.
Your spell library contained the following spells:

 Spells                   Type           Power      Damage    Failure   Level
 Apportation              Tloc           0%         N/A       99%         1
 Sandblast                Erth           0%         2d4       99%         1
 Passwall                 Tmut/Erth      0%         N/A       100%        2
 Gell's Gravitas          Tloc           0%         N/A       100%        3
 Stone Arrow              Conj/Erth      0%         3d7       100%        3
 Teleport Other           Tloc           0%         N/A       100%        3
 Vampiric Draining        Necr           0%         2d6       100%        3
 Passage of Golubria      Tloc           0%         N/A       100%        4
 Alistair's Intoxication  Tmut/Pois      0%         N/A       100%        5
 Silence                  Hex/Air        0%         N/A       100%        5
 Dispersal                Tloc           0%         N/A       100%        6
 Disjunction              Tloc           0%         N/A       100%        8
 Lehudib's Crystal Spear  Conj/Erth      0%         10d2      100%        8
 Summon Small Mammal      Summ           Unusable   N/A       N/A         1
 Call Canine Familiar     Summ           Unusable   N/A       N/A         3
 Summon Guardian Golem    Hex/Summ       Unusable   N/A       N/A         3
 Animate Dead             Necr           Unusable   N/A       N/A         4
 Summon Forest            Summ/Tloc      Unusable   N/A       N/A         5
 Summon Mana Viper        Hex/Summ       Unusable   N/A       N/A         5
 Summon Cactus Giant      Summ           Unusable   N/A       N/A         6

Dungeon Overview and Level Annotations

Branches:
Dungeon (13/15)            Temple (1/1) D:4            Lair (3/5) D:10
  Swamp (0/4) Lair:2        Snake (0/4) Lair:3          Orc (0/2) D:9
 Bailey (visited)
 Vaults: D:13-14

Altars:
Ashenzari
Cheibriados
Dithmenos
Elyvilon
Fedhas
Gozag
Hepliaklqana
Kikubaaqudgha
Makhleb
Nemelex Xobeh
Okawaru
Qazlal
Ru
Sif Muna
Trog
Uskayaw
Vehumet
Wu Jian
Xom
Yredelemnul
Zin
The Shining One

Shops:
D:2 :   D:3 (*   D:7 !

Annotations:
D:7 3 runed translucent doors, MacCMillion's ghost, novice GnIE
D:10 Casa
D:13 Erolcha


Innate Abilities, Weirdness & Mutations

You have a pair of horns on your head.
You reflexively headbutt those who attack you in melee.


Message History

The basilisk bites you but does no damage.
The Executioner hits you but does no damage. x3
The ufetubus hits you but does no damage. x4
The Executioner hits you!
* * * LOW HITPOINT WARNING * * *
The Executioner hits you.
* * * LOW HITPOINT WARNING * * *
The Executioner hits you.
* * * LOW HITPOINT WARNING * * *
The Executioner hits you!
* * * LOW HITPOINT WARNING * * *
The Executioner hits you but does no damage. x2
The ufetubus hits you.
The ufetubus hits you but does no damage.
The ufetubus hits you.
* * * LOW HITPOINT WARNING * * *
The ufetubus hits you but does no damage.
The basilisk bites you!
* * * LOW HITPOINT WARNING * * *
The Executioner hits you.
* * * LOW HITPOINT WARNING * * *
The Executioner hits you but does no damage.
The Executioner completely misses you.
The ynoxinul hits you but does no damage.
The ufetubus hits you but does no damage. x4
The Executioner hits you!
* * * LOW HITPOINT WARNING * * *
The Executioner hits you but does no damage. x5
The basilisk gazes at you.
You easily resist.
The Executioner hits you but does no damage. x3
The ufetubus hits you but does no damage. x4
The ynoxinul gestures.
You turn to flesh and can move again.
You slash the ynoxinul!
The ynoxinul is heavily wounded.
You block the Executioner's attack.
The Executioner hits you but does no damage.
You block the Executioner's attack. The Executioner hits you!
You die...

# # .. #. . ##.
.#.... . #.#..#.
#. . # ####... .#
. ####..#.#. ##.#
.
#..#......#_.##.#
.......#.#..5#.#
##....5553.###
#.#.. #1@l...#
#....###5#....
....##..#.#..###
. .# ..## #..# .#
...... ....... .#
#.#.# #......1 #
.##


You could see an Executioner (fast), a basilisk, a ynoxinul and 5 ufetubi.

Vanquished Creatures
  An Executioner (Abyss:1)
  A juggernaut skeleton (Abyss:2)
  A hydra (Lair:2)
  2 two-headed ogres
  A skyshark (Lair:3)
  An orc knight (D:12)
  A deep elf pyromancer (D:12)
  An orc sorcerer (D:12)
  A manticore (D:11)
  A black mamba (Lair:3)
  5 cane toads
  2 rime drakes (Lair:3)
  A gargoyle (D:12)
  A kobold demonologist (D:11)
  An unseen horror (D:12)
  10 komodo dragons
  4 trolls
  2 tyrant leeches (Lair:2)
  A polar bear (Lair:1)
  A hornet (D:9)
  3 shadows
  2 vampires
  23 yaks
  2 wraiths
  5 wyverns
  Grum (Bailey)
  A steam dragon (D:9)
  A chaos spawn (Abyss:2)
  3 basilisks
  3 nagas (Lair:3)
  2 swamp worms (Lair:2)
  Duvessa (D:6)
  2 acid dragons
  5 water moccasins
  5 orc warriors
  A black bear (Lair:2)
  An ice beast (D:6)
  A sky beast (D:6)
  2 ogres
  11 wolves
  10 centaurs
  2 phantoms
  3 kobold brigands
  7 scorpions
  8 bullfrogs
  10 gnoll sergeants
  2 small abominations (Abyss:1)
  Dowan (D:6)
  7 killer bees (D:11)
  3 howler monkeys
  An electric eel (D:6)
  A quasit (Abyss:1)
  12 hounds
  9 orc priests
  2 jellies
  Ijyb (D:4)
  7 gnoll boudas
  Crazy Yiuf (D:6)
  3 sleepcaps
  18 iguanas
  12 orc wizards
  26 gnolls
  10 adders
  A white imp (D:6)
  An ufetubus (D:6)
  3 dart slugs
  45 orcs
  4 ball pythons
  6 endoplasms
  A giant cockroach (D:2)
  11 goblins
  12 hobgoblins
  6 jackals
  16 kobolds
  6 quokkas
  4 bats
  20 frilled lizards
  2 rats
408 creatures vanquished.

Vanquished Creatures (others)
  A deep elf pyromancer (D:12)
  A sleepcap (D:4)
  A kobold (D:11)
3 creatures vanquished.

Grand Total: 411 creatures vanquished

Notes
Turn   | Place    | Note
-------+----------+-------------------------------------------
     0 | D:1      | Peloso the Minotaur Fighter began the quest for the Orb.
     0 | D:1      | Reached XP level 1. HP: 19/19 MP: 0/0
   119 | D:1      | Reached XP level 2. HP: 27/27 MP: 1/1
   292 | D:1      | Reached skill level 3 in Long Blades
   390 | D:1      | Reached XP level 3. HP: 33/33 MP: 2/2
   657 | D:2      | Found a faded altar of an unknown god.
   964 | D:2      | Found a shadowy altar of Dithmenos.
   984 | D:2      | Found Saethopp's Vocational Training.
  1256 | D:3      | Reached XP level 4. HP: 29/40 MP: 3/3
  1354 | D:3      | Found Erhusch's Assorted Antiques.
  1749 | D:3      | Reached skill level 4 in Long Blades
  1750 | D:3      | Found Lamporan's Antique Weapon Boutique.
  2081 | D:3      | Reached XP level 5. HP: 44/46 MP: 4/4
  2090 | D:4      | Reached skill level 1 in Dodging
  2091 | D:4      | Noticed Ijyb
  2175 | D:4      | Killed Ijyb
  2176 | D:4      | Reached skill level 5 in Armour
  2408 | D:4      | Noticed a phantom
  2413 | D:4      | Killed a phantom
  2414 | D:4      | Reached skill level 5 in Long Blades
  2414 | D:4      | Reached XP level 6. HP: 53/53 MP: 5/5
  2589 | D:4      | Found a staircase to the Ecumenical Temple.
  2935 | Temple   | Entered the Ecumenical Temple
  3197 | D:5      | Entered Level 5 of the Dungeon
  3230 | D:5      | Reached skill level 6 in Long Blades
  3230 | D:5      | Reached XP level 7. HP: 45/60 MP: 6/6
  3560 | D:5      | Identified the +2 pair of gloves of Toobbouc {rC+ Dex+2}
  3695 | D:5      | Found a broken altar of Ashenzari.
  3696 | D:5      | Found a hazy altar of Hepliaklqana.
  3799 | D:5      | Reached skill level 5 in Fighting
  3799 | D:5      | Reached skill level 7 in Long Blades
  3799 | D:5      | Reached skill level 5 in Shields
  4144 | D:6      | Reached XP level 8. HP: 31/69 MP: 7/7
  4147 | D:6      | Reached skill level 8 in Long Blades
  4254 | D:6      | Reached skill level 1 in Stealth
  5093 | D:6      | Noticed Duvessa
  5093 | D:6      | Noticed Dowan
  5106 | D:6      | Killed Duvessa
  5107 | D:6      | Reached skill level 9 in Long Blades
  5117 | D:6      | Killed Dowan
  5244 | D:6      | Found a runed translucent door.
  5245 | D:6      | Noticed Crazy Yiuf
  5448 | D:6      | Killed Crazy Yiuf
  5607 | D:7      | Reached XP level 9. HP: 70/75 MP: 8/8
  5856 | D:7      | Found a runed translucent gate.
  5858 | D:7      | Noticed MacCMillion's ghost (novice GnIE)
  5861 | D:7      | Found a runed translucent gate.
  5861 | D:7      | Noticed a kobold demonologist
  6036 | D:7      | Reached skill level 1 in Evocations
  6607 | D:7      | Found Bufeh's Distillery.
  6613 | D:7      | Reached skill level 10 in Long Blades
  6618 | D:7      | Bought a potion of berserk rage for 60 gold pieces
  6618 | D:7      | Bought a potion of curing for 36 gold pieces
  6725 | D:7      | Found a runed translucent gate.
  7075 | D:8      | Noticed a troll
  7090 | D:8      | Killed a troll
  7800 | D:9      | Reached skill level 11 in Long Blades
  7805 | D:9      | Identified the +4 great mace of a bazaar {drain, MP+9}
  7839 | D:9      | Reached XP level 10. HP: 26/86 MP: 9/9
  7920 | D:9      | Found a flagged portal.
  7929 | Bailey   | Entered a bailey
  8727 | Bailey   | Identified a scroll of acquirement
  8727 | Bailey   | Acquired a +3 vampiric double sword
  8942 | Bailey   | Noticed Grum
  8956 | Bailey   | Killed Grum
  9082 | Bailey   | Got Jomalod's Handbook of Peregrination and Shades
  9405 | D:9      | Found a radiant altar of Vehumet.
  9405 | D:9      | Found an iron altar of Okawaru.
  9512 | D:9      | Found a staircase to the Orcish Mines.
  9729 | D:9      | Reached skill level 12 in Long Blades
  9819 | D:10     | Entered Level 10 of the Dungeon
  9851 | D:10     | Found a staircase to the Lair.
  9877 | D:10     | Reached skill level 10 in Armour
 10399 | D:11     | Noticed a two-headed ogre
 10403 | D:11     | Killed a two-headed ogre
 10404 | D:11     | Reached XP level 11. HP: 95/95 MP: 10/10
 10850 | D:11     | Reached skill level 13 in Long Blades
 11014 | D:12     | Reached skill level 10 in Shields
 11060 | D:12     | Noticed an orc sorcerer
 11062 | D:12     | Noticed an orc knight
 11077 | D:12     | Killed an orc knight
 11085 | D:12     | Killed an orc sorcerer
 11167 | D:9      | Became a worshipper of Warmaster Okawaru
 11312 | D:12     | Noticed a deep elf pyromancer
 11321 | D:12     | Killed a deep elf pyromancer
 11478 | D:12     | Noticed a deep elf pyromancer
 11484 | D:12     | Killed a deep elf pyromancer
 11487 | D:12     | Reached * piety under Okawaru
 11574 | D:12     | Found a blossoming altar of Fedhas.
 11649 | D:12     | Noticed a two-headed ogre
 11660 | D:12     | Killed a two-headed ogre
 11660 | D:12     | Reached ** piety under Okawaru
 11661 | D:12     | Reached skill level 14 in Long Blades
 11799 | Lair:1   | Entered Level 1 of the Lair of Beasts
 11963 | Lair:1   | Reached *** piety under Okawaru
 12096 | Lair:1   | Reached XP level 12. HP: 106/106 MP: 11/11
 12164 | Lair:1   | Identified the +3 flail "Worm's Wrath" {heavy, Int+3 Dex+3}
 12194 | Lair:1   | Reached **** piety under Okawaru
 12195 | Lair:1   | Reached skill level 15 in Long Blades
 12777 | Lair:2   | Found a staircase to the Swamp.
 12939 | Lair:2   | Noticed an eight-headed hydra
 12949 | Lair:2   | Killed a three-headed hydra
 12950 | Lair:2   | Reached skill level 10 in Fighting
 13104 | Lair:2   | Reached ***** piety under Okawaru
 14242 | Lair:3   | Found a staircase to the Snake Pit.
 14495 | Lair:3   | Reached skill level 16 in Long Blades
 15311 | D:13     | Found an ornate altar of the Wu Jian Council.
 15532 | D:13     | Noticed Erolcha
 15535 | Abyss:1  | Cast into level 1 of the Abyss (Erolcha)
 15587 | Abyss:1  | Noticed an Executioner
 15596 | Abyss:1  | Killed an Executioner
 15596 | Abyss:1  | Received a gift from Okawaru
 15597 | Abyss:1  | Reached XP level 13. HP: 48/116 MP: 12/12
 15600 | Abyss:1  | Acquired the +1 pair of boots of Painted Freedom {rElec rF+
                  | Str+2}
 15645 | Abyss:2  | Found a corrupted altar of Lugonu.
 15712 | Abyss:2  | Noticed an Executioner
 15723 | Abyss:2  | Mangled by an Executioner

Illustrated notes

Levels and vault maps discovered:
D:1:      amcnicky_arrival_flooded_fountain, layout_rooms,
          chequers_serial_rivers_small_3, minmay_misc_feat_x, minmay_distorted
D:2:      layout_rooms, basic_altar, nicolae_ecumenical_oubliette,
          chequers_avenue, st_stairs_2, nicolae_shop_vocational
D:3:      layout_basic, serial_shops, shop, shop
D:4:      layout_rooms, lemuel_temple_firewalk_b, kennysheep_generic_room_2,
          uniq_ijyb
D:5:      layout_loops_cross, gammafunk_temple_overflow_statue
D:6:      dreamdust_elfheim, layout_loops_cross, serial_bayou_ford_a,
          uniq_crazy_yiuf_cottage
D:7:      layout_basic, serial_shops, nicolae_shop_pleasant_corner_grove,
          gammafunk_ghost_nasty_kobolds
D:8:      layout_layer_cave, feat_on_display
D:9:      layout_cave_pools, jmf_multi_god_temple, orc_0_dummy, enter_bailey_5,
          serial_gnoll_camp, gnoll_camp_mini_hut, gnoll_camp_mini_doghouse,
          gnoll_camp_mini_hut, gnoll_camp_mini_loothouse,
          gnoll_camp_mini_doghouse, gnoll_camp_mini_hut, dk_noncrumbling_4
D:10:     layout_big_octagon, lair_entry_dummy
D:11:     layout_small_grid, eino_jars
D:12:     layout_layer_cave, fedhas_bush_and_centaur_altar
D:13:     layout_roguey, grunt_vaults_entry_tiered, nzn_wu_jian_contemplation,
          uniq_erolcha
Temple:   nicolae_temple_bog_church
Lair:1:   layout_cave_pods, special_room
Lair:2:   wander_river, layout_layer_cave, minmay_swamp_entry_worms
Lair:3:   lemuel_reptile_caves, layout_chaotic_city, guppyfry_snake_entry_island
Abyss:2:  base:
D:1

Skill      XL: |  1  2  3  4  5  6  7  8  9 10 11 12 |
---------------+-------------------------------------+-----
Armour         | 4 5 6 7 9 10 11 12 | 12.1
Long Blades    | 3 4 5 6 7 9 11 12 14 16 | 16.1
Shields        | 4 5 6 7 9 11 13 | 13.6
Dodging        | 1 2 3 |  3.4
Fighting       | 4 5 6 7 8 9 11 | 11.1
Stealth        | 1 2 3 |  3.0
Evocations     | 1 |  1.2
Invocations    | |  0.5

Action                     |  1- 3 |  4- 6 |  7- 9 | 10-12 | 13-15 || total
---------------------------+-------+-------+-------+-------+-------++-------
  Melee: Long sword        |    89 |   125 |   345 |    82 |       ||   641
         Headbutt          |    10 |    19 |    64 |   144 |     9 ||   246
         Double sword      |       |       |       |   579 |    24 ||   603
 Invoke: Heroism           |       |       |       |     1 |       ||     1
  Evoke: Wand              |       |       |     8 |     3 |       ||    11
    Use: Scroll            |     4 |       |    10 |    12 |     1 ||    27
         Potion            |     1 |       |     1 |       |       ||     2
   Stab: Invisible         |       |       |     4 |       |       ||     4
         Paralysed         |       |       |     2 |       |       ||     2
 Armour: Scale mail        |    30 |       |       |       |       ||    30
         Chain mail        |    18 |    70 |   117 |       |       ||   205
         Plate armour      |       |       |    40 |   294 |    64 ||   398
  Dodge: Dodged            |    53 |    51 |   101 |   174 |     6 ||   385
  Block: Buckler           |    18 |    22 |    86 |       |       ||   126
         Kite shield       |       |       |    25 |   659 |    18 ||   702
         Reflection        |       |       |       |    19 |       ||    19
